AoeStats
← FingerDash_262

Arabia

507697536Analyzed
1v1 RM · 12d ago on Sep 19, 2026· 39m 47s· 2 players
Game mode
Random Map
Map size
Tiny (2 player)
Population
200
Speed
Normal
Resources
Standard
Victory
Conquest
Starting age
Dark Age
Ending age
Imperial Age
RankedLock teamsTeams togetherTeam positionsShared explorationLock speedFull tech treeHidden civsTurbo modeCheats
Victory
Defeat
🇧🇷 Poles · Brazil
1260
+19
🇩🇪 Bengalis · Germany
1318
-19
FingerDash_262
6:05 Loom
9:05 Feudal Age
9:53 Double-Bit Axe
20:18 Castle Age
18:32 Horse Collar
19:01 Scale Barding Armor
19:14 Forging
19:37 Bloodlines
21:19 Wheelbarrow
21:24 Chain Barding Armor
21:28 Husbandry
23:48 Fletching
24:06 Scale Mail Armor
23:28 Pikeman
26:36 Hand Cart
32:59 Chain Mail Armor
35:38 Iron Casting
36:00 Squires
39:42 Imperial Age
36:49 Light Cavalry
38:40 Arson
38:43 Town Watch
38:19 Man-at-Arms
peace4world
7:22 Loom
9:40 Feudal Age
11:14 Wheelbarrow
10:17 Man-at-Arms
13:13 Double-Bit Axe
13:09 Horse Collar
20:49 Bloodlines
22:46 Castle Age
21:28 Gold Mining
22:18 Forging
22:08 Scale Mail Armor
22:16 Scale Barding Armor
23:50 Husbandry
25:14 Iron Casting
Connection lost

Rejoining the realm…

Still unreachable

The connection could not be restored.

Session expired

The server has moved on; the page needs a fresh start.